 Dungeon Crawl Stone Soup version 0.31-a0-221-gbddc013574 (webtiles) character file.

Game seed: 8871803046071082996

76885 avis the Apostle (level 15, -2/126 HPs)
             Began as a Hill Orc Fighter on July 3, 2023.
             Was a High Priest of Beogh.
             Killed by angry trees
             ... awakened by a spriggan druid
              (8 damage)
             ... on level 2 of the Swamp on July 4, 2023.
             The game lasted 04:05:37 (26653 turns).

avis the Apostle (Hill Orc Fighter)                Turns: 26653, Time: 04:05:37

Health: -2/126     AC: 35    Str: 27    XL:     15   Next: 55%
Magic:  27/29      EV:  8    Int:  8    God:    Beogh [*****.]
Gold:   2163       SH: 13    Dex: 14    Spells: 16/18 levels left

rFire   . . .        a - +2 war axe (heavy)
rCold   . . .        H - +2 kite shield {AC+3}
rNeg    + . .        Q - +12 chain mail of the Realm of Zot {rN+}
rPois   .            P - +0 helmet
rElec   +            X - +0 cloak {Will+}
rCorr   .            W - +0 pair of gloves of the Serpent {rElec rC- Regen+}
SInv    .            I - +3 pair of seven-league boots {Rampage+∞}
Will    ++...        A - amulet "Lisoufes" {Faith rC+} Stlth
                     j - ring of wizardry
HPRegen 1.21/turn    U - ring of Demin {Fly Dex+4 Slay+4}
MPRegen 0.21/turn

%: rampage+∞, faith, wizardry (x1)
@: flying
A: walk on water
a: Renounce Religion, Smiting, Recall Orcish Followers, Give Item to Named
Follower


You were on level 2 of the Swamp.
You worshipped Beogh.
Beogh was extremely pleased with you.
You visited 5 branches of the dungeon, and saw 20 of its levels.
You also visited: Sewer, Bailey and Ice Cave.

You collected 2738 gold pieces.
You spent 575 gold pieces at shops.

Inventory:

Hand Weapons
 a - a +2 heavy war axe (weapon)
 b - a +4 mace of protection
 g - a +0 spear
 w - a +0 broad axe
Missiles
 d - 15 boomerangs
 v - 2 curare-tipped darts
 y - 40 poisoned darts
 E - 6 silver javelins
 L - a throwing net
 V - 3 silver boomerangs
Armour
 o - a +0 buckler
 H - a +2 kite shield of protection (worn)
 I - the +3 pair of seven-league boots (worn) {Rampage+∞}
   (You found it on level 5 of the Lair of Beasts)

   Rampage+∞: When moving toward enemies, its wearer moves as far as possible,
   alerting their target en route.
 P - a +0 helmet (worn)
 Q - the +12 chain mail of the Realm of Zot (worn) {rN+}
   (You found it on level 3 of the Lair of Beasts)

   rN:        It protects you from negative energy.
 W - the +0 pair of gloves of the Serpent (worn) {rElec rC- Regen+}
   (You bought it in a shop on level 9 of the Dungeon)

   rC:        It makes you vulnerable to cold.
   rElec:     It insulates you from electricity.
   Regen:     It increases your rate of health regeneration.
 X - a +0 cloak of willpower (worn)
Jewellery
 c - a ring of protection from cold
 j - a ring of wizardry (left hand)
 r - an amulet of the acrobat
 A - the amulet "Lisoufes" (around neck) {Faith rC+}
   (You acquired it in the Ecumenical Temple)

   [amulet of faith]

   It allows you to gain divine favour quickly.
   rC:        It protects you from cold.
 U - the ring of Demin (right hand) {Fly Dex+4 Slay+4}
   (You found it on level 2 of the Lair of Beasts)

   [ring of slaying]

   Dex:       It affects your dexterity (+4).
   Slay:      It affects your accuracy & damage with ranged weapons and melee
   (+4).
   Fly:       It grants you flight.
Wands
 m - a wand of mindburst (3)
 n - a wand of flame (33)
 q - a wand of charming (37)
 M - a wand of roots (10)
Scrolls
 e - 2 scrolls of butterflies
 k - 2 scrolls of blinking
 p - 2 scrolls of silence
 t - 10 scrolls of teleportation
 x - a scroll of vulnerability
 C - 4 scrolls of revelation
 S - a scroll of poison {unknown}
 T - 2 scrolls of fear
Potions
 f - 3 potions of might
 h - 2 potions of haste
 i - 2 potions of heal wounds
 l - 3 potions of enlightenment
 s - 3 potions of brilliance
 u - a potion of curing
 z - a potion of mutation
 D - 3 potions of lignification
 F - 3 potions of resistance
 G - 2 potions of berserk rage
 O - 2 potions of ambrosia
 R - a potion of magic
Miscellaneous
 B - a phial of floods
 N - a box of beasts


   Skills:
 * Level 10.2 Fighting
 - Level 18.0 Axes
 * Level 10.2 Armour
 * Level 10.2 Shields
 - Level 2.0 Spellcasting
 - Level 6.0 Transmutations
 - Level 21.0 Invocations


You had 16 spell levels left.
You knew the following spells:

 Your Spells              Type           Power      Damage    Failure   Level
a - Wereblood             Tmut           10%        N/A       12%         2

Your spell library contained the following spells:

 Spells                   Type           Power      Damage    Failure   Level
 Beastly Appendage        Tmut           20%        N/A       8%          1
 Spider Form              Tmut/Pois      5%         N/A       56%         3
 Apportation              Tloc           0%         N/A       61%         1
 Foxfire                  Conj/Fire      0%         2x1d4     61%         1
 Necrotise                Necr           0%         1d4       61%         1
 Summon Small Mammal      Summ           0%         N/A       61%         1
 Poisonous Vapours        Pois/Air       0%         N/A       75%         2
 Static Discharge         Conj/Air       0%         2-2/arc   75%         2
 Sublimation of Blood     Necr           0%         N/A       75%         2
 Blade Hands              Tmut           5%         N/A       87%         5
 Ice Form                 Ice/Tmut       5%         N/A       91%         4
 Petrify                  Tmut/Erth      5%         N/A       91%         4
 Dazzling Flash           Conj/Hex       0%         N/A       92%         3
 Frozen Ramparts          Ice            0%         1d1       92%         3
 Inner Flame              Hex/Fire       0%         N/A       92%         3
 Mephitic Cloud           Conj/Pois/Air  0%         N/A       92%         3
 Portal Projectile        Hex/Tloc       0%         N/A       92%         3
 Tukima's Dance           Hex            0%         N/A       92%         3
 Irradiate                Conj/Tmut      2%         3d12      99%         5
 Yara's Violent Unravell  Hex/Tmut       2%         3d3       99%         5
 Airstrike                Air            0%         2d(0-16)  100%        4
 Animate Armour           Summ/Erth      0%         N/A       100%        4
 Animate Dead             Necr           0%         N/A       100%        4
 Flame Wave               Conj/Fire      0%         2d4       100%        4
 Sticky Flame             Conj/Fire      0%         2d3       100%        4
 Summon Ice Beast         Ice/Summ       0%         N/A       100%        4
 Summon Lightning Spire   Summ/Air       0%         N/A       100%        4
 Agony                    Necr           0%         N/A       100%        5
 Borgnjor's Vile Clutch   Necr/Erth      0%         N/A       100%        5
 Fireball                 Conj/Fire      0%         3d3       100%        5
 Freezing Cloud           Conj/Ice/Air   0%         6-21      100%        5
 Iskenderun's Battlesphe  Conj           0%         2d6       100%        5
 Silence                  Hex/Air        0%         N/A       100%        5
 Summon Mana Viper        Hex/Summ       0%         N/A       100%        5
 Conjure Ball Lightning   Conj/Air       0%         3x3d6     100%        6
 Death Channel            Necr           0%         N/A       100%        6
 Leda's Unmaking          Conj/Erth      0%         9d1       100%        6
 Plasma Beam              Fire/Air       0%         2x1d10    100%        6
 Starburst                Conj/Fire      0%         6d3       100%        6
 Orb of Destruction       Conj           0%         9d5       100%        7
 Spellforged Servitor     Conj/Summ      0%         N/A       100%        7


Dungeon Overview and Level Annotations

Branches:
Dungeon (10/15)            Temple (1/1) D:6            Lair (5/5) D:10
  Swamp (2/4) Lair:3        Snake (0/4) Lair:2        Slime (0/5) Lair:5
    Orc (2/2) D:9             Elf (0/3) Orc:2         Sewer (visited)
 Bailey (visited)           IceCv (visited)

Altars:
Ashenzari
Cheibriados
Dithmenos
Elyvilon
Fedhas
Gozag
Hepliaklqana
Kikubaaqudgha
Makhleb
Nemelex Xobeh
Okawaru
Qazlal
Ru
Sif Muna
Trog
Uskayaw
Vehumet
Wu Jian
Xom
Yredelemnul
Zin
The Shining One
Jiyva

Shops:
D:1 *   D:6 =   D:9 ***   Orc:2 [


Message History

* * * LOW HITPOINT WARNING * * *
Your orc warrior hits the goliath frog with a +0 dagger!
The seven-headed hydra barely misses you. x2
The seven-headed hydra bites you but does no damage. x2
The seven-headed hydra barely misses you.
You block the seven-headed hydra's attack.
The seven-headed hydra bites you but does no damage.
The spriggan hits your orc warrior with a +0 short sword of protection.
The spriggan druid hits you with a +0 quarterstaff.
* * * LOW HITPOINT WARNING * * *
You feel much better. A root smacks you from below!
* * * LOW HITPOINT WARNING * * *
Your orc warrior is waved at by a branch.
Your orc knight is hit by a branch!
The goliath frog hits you from afar.
* * * LOW HITPOINT WARNING * * *
You are splashed with acid.
* * * LOW HITPOINT WARNING * * *
You block the alligator's attack.
The alligator tail-slaps you but does no damage.
The alligator bites your orc warrior!!
The alligator tail-slaps your orc warrior.
Your orc knight hits the goliath frog with a +0 trident!
The goliath frog dies!
Beogh accepts your kill. You block the tyrant leech's attack.
Your orc warrior hits the spriggan with a +0 dagger!
The spriggan hits your orc warrior with a +0 short sword of protection!
Your orc warrior dies!
The spriggan druid hits you but does no damage.
You block the seven-headed hydra's attack.
The seven-headed hydra bites you but does no damage. x3
The seven-headed hydra barely misses you.
You block the seven-headed hydra's attack.
The seven-headed hydra barely misses you.
Blink to where?
Press: ? - help, Dir - move target
Found a club.
As you read the scroll of blinking, it crumbles to dust.
A tree reaches out and hits you!
You die...

......♣~)t~~.~...
~~~~~tt§wi~~§..♣♣
.~~~~~Dii.~~~...♣
.~~~~~~t~~~~~~..♣
~~~~~~~~.§~~~.♣~~
§~~~~....~..♣♣♣~.
..~~....~~~♣~♣
.~~~..~.~§~♣.~♣
~~~~~~.@..~♣ ♣♣
~~~§~~..♣♣♣♣
...~~~..♣
......~♣♣ ...~...
)~~.... ♣♣♣♣.§~
♣.~~


You could see 3 alligators, a seven-headed hydra, a tyrant leech, a spriggan
rider, a spriggan druid and a spriggan.

Vanquished Creatures
  An eleionoma (Swamp:1)
  2 bunyips (Swamp:1)
  A fire dragon (Lair:5)
  An ice dragon (Lair:5)
  Fannar (Lair:1)
  5 hydras
  4 two-headed ogres
  4 boulder beetles
  Erica (D:8)
  A tengu warrior (D:9)
  2 alligators (Swamp:1)
  16 death yaks
  2 skysharks (Lair:4)
  2 spriggan druids (Swamp:1)
  3 swamp dragons
  2 bog bodies (IceCv)
  4 orc knights
  An oklob plant (Lair:5)
  2 orc sorcerers
  A will-o-the-wisp (Swamp:1)
  6 elephants
  4 black mambas
  5 torpor snails (Lair:5)
  A guardian serpent (Lair:5)
  2 orange demons (Orc:2)
  An ice statue (IceCv)
  A kobold demonologist (Bailey)
  2 rime drakes
  3 cane toads
  6 komodo dragons
  An ice devil (IceCv)
  4 trolls
  5 tyrant leeches
  10 hornets
  10 blink frogs
  7 dream sheep
  7 spriggans
  3 wyverns (Lair:4)
  20 yaks
  A wraith (D:7)
  2 dire elephant simulacra (IceCv)
  3 basilisks (Lair:5)
  A vampire mosquito (D:9)
  4 steam dragons
  A death yak simulacrum (IceCv)
  A warg (Orc:2)
  2 swamp worms (Swamp:1)
  2 harpy simulacra (IceCv)
  4 acid dragons
  A naga (Lair:2)
  6 water moccasins
  4 ice beasts
  A swamp drake (Lair:5)
  A sky beast (D:7)
  A black bear (D:6)
  15 orc warriors
  5 ogres
  10 wolves
  7 centaurs
  4 kobold brigands
  Blork the orc (D:5)
  9 bullfrogs
  2 cane toad simulacra (IceCv)
  2 gnoll sergeants (D:9)
  6 scorpions
  4 two-headed ogre simulacra (IceCv)
  A water moccasin zombie (D:6)
  A necrophage (D:6)
  15 wights
  2 elephant simulacra (IceCv)
  12 killer bees
  A howler monkey (D:6)
  5 electric eels (Bailey)
  A centaur zombie (D:6)
  3 hounds
  A gnoll bouda (D:7)
  A human zombie (D:6)
  11 orc priests
  3 jellies
  6 iguanas
  13 orc wizards
  3 hell rats (Lair:1)
  3 polar bear simulacra (IceCv)
  9 spriggan simulacra (IceCv)
  7 troll simulacra (IceCv)
  3 killer bee zombies (D:6)
  2 wolf simulacra (IceCv)
  A mummy (D:6)
  A howler monkey zombie (D:6)
  6 adders
  12 gnolls
  2 naga simulacra (IceCv)
  2 river rats (D:10)
  2 shadow imps (D:5)
  7 white imps
  4 ufetubi
  4 worms
  2 dart slugs
  49 orcs
  10 bats
  11 endoplasms
  4 giant cockroaches
  12 goblins
  11 hobgoblins
  4 jackals
  29 kobolds
  6 quokkas
  10 ball pythons
  5 frilled lizards
  12 rats
563 creatures vanquished.

Vanquished Creatures (collateral kills)
  A bunyip (Swamp:1)
  An eleionoma (Swamp:1)
  An ice dragon (Lair:2)
  An orc knight (Lair:5)
  A ghost crab (Swamp:1)
  3 hydras
  A boulder beetle (Lair:3)
  An alligator (Swamp:1)
  2 death yaks
  A goliath frog (Swamp:2)
  A bog body (Lair:3)
  A lindwurm (Lair:5)
  2 black mambas (Lair:1)
  3 elephants (Lair:5)
  An ice statue (Lair:2)
  A torpor snail (Lair:5)
  4 cane toads
  3 rime drakes
  2 ice devils (Lair:3)
  5 komodo dragons
  3 polar bears (Lair:2)
  6 hornets
  A troll (D:10)
  A tyrant leech (Lair:5)
  7 blink frogs
  6 dream sheep
  14 yaks
  2 spriggans
  2 wyverns
  A shadow (D:9)
  A basilisk (Lair:5)
  A wraith (D:10)
  A swamp worm (Swamp:1)
  3 nagas (Lair:2)
  A water moccasin (Lair:2)
  3 ice beasts (Lair:2)
  An orc warrior (Bailey)
  A black bear (Lair:1)
  12 wolves
  2 centaurs
  A kobold brigand (D:10)
  4 bullfrogs
  A wight (D:9)
  A killer bee (D:10)
  A gnoll bouda (D:10)
  An iguana (Lair:5)
  2 hell rats
  2 orc wizards
  A gnoll (D:10)
  A river rat (D:10)
  3 white imps (Lair:2)
  4 orcs
  3 goblins (Bailey)
  A hobgoblin (Bailey)
  5 kobolds (D:10)
  A rat (D:10)
  A butterfly (Lair:3)
138 creatures vanquished.

Vanquished Creatures (others)
  An orc knight (Lair:4)
  7 orc warriors
  A bloated husk (Swamp:2)
  A spriggan (Swamp:2)
  4 orc wizards
  5 orc priests
  An iguana (Lair:5)
  An ufetubus (IceCv)
  19 orcs
  A goblin (Bailey)
  4 foxfires (Swamp:1)
45 creatures vanquished.

Grand Total: 746 creatures vanquished

Notes
Turn   | Place    | Note
-------+----------+-------------------------------------------
     0 | D:1      | avis the Hill Orc Fighter began the quest for the Orb.
     0 | D:1      | Reached XP level 1. HP: 19/19 MP: 1/1
   146 | D:1      | Found Omuil's General Store.
   201 | D:1      | Reached XP level 2. HP: 26/26 MP: 2/2
   799 | D:2      | Reached XP level 3. HP: 27/31 MP: 2/4
   805 | D:2      | Reached skill level 5 in Axes
   805 | D:2      | Reached skill level 1 in Spellcasting
   900 | D:2      | Reached XP level 4. HP: 38/39 MP: 5/5
  1167 | D:2      | Learned a level 2 spell: Wereblood
  1737 | D:3      | Found a glowing drain.
  1750 | D:3      | Reached XP level 5. HP: 40/45 MP: 6/6
  1756 | Sewer    | Entered a sewer
  2387 | D:3      | Reached skill level 1 in Transmutations
  2933 | D:4      | Reached XP level 6. HP: 32/52 MP: 7/7
  3051 | D:4      | Found a hide-covered altar of Uskayaw.
  3710 | D:5      | Entered Level 5 of the Dungeon
  3854 | D:5      | Reached XP level 7. HP: 56/59 MP: 8/8
  4022 | D:5      | Noticed Blork the orc
  4029 | D:5      | Killed Blork the orc
  4359 | D:5      | Found a sparkling altar of Nemelex Xobeh.
  4392 | D:5      | Found a bloodstained altar of Trog.
  4735 | D:5      | Reached skill level 10 in Axes
  5038 | D:5      | Reached XP level 8. HP: 61/66 MP: 9/9
  5441 | D:5      | Became a worshipper of Beogh the Brigand
  6057 | D:6      | Found an iron altar of Okawaru.
  6075 | D:6      | Reached skill level 1 in Invocations
  6171 | D:6      | Reached skill level 2 in Invocations
  6285 | D:6      | Reached skill level 3 in Invocations
  6402 | D:6      | Found an ancient bone altar of Kikubaaqudgha.
  6424 | D:6      | Reached skill level 4 in Invocations
  6457 | D:6      | Reached XP level 9. HP: 59/71 MP: 12/12
  6505 | D:6      | Reached skill level 5 in Invocations
  6621 | D:6      | Found an ornate altar of the Wu Jian Council.
  6694 | D:6      | Found Gyb Jybb's Jewellery Emporium.
  7006 | D:6      | Found a staircase to the Ecumenical Temple.
  7012 | Temple   | Entered the Ecumenical Temple
  7035 | D:6      | Upgraded the game from 0.31-a0-217-g58bb5d79cf to
                  | 0.31-a0-221-gbddc013574
  7078 | D:7      | Reached * piety under Beogh
  7079 | D:7      | Reached skill level 6 in Invocations
  7329 | D:7      | Reached skill level 7 in Invocations
  7979 | D:7      | Reached skill level 8 in Invocations
  7980 | D:7      | Found a shimmering altar of Xom.
  8246 | D:8      | Noticed Erica
  8257 | D:8      | Killed Erica
  8258 | D:8      | Reached skill level 9 in Invocations
  8258 | D:8      | Reached XP level 10. HP: 23/78 MP: 15/17
  8598 | D:8      | Found a flagged portal.
  8681 | Bailey   | Entered a bailey
  8760 | Bailey   | Reached ** piety under Beogh
  8787 | Bailey   | Reached skill level 10 in Invocations
  8892 | Bailey   | Noticed an orc knight
  8919 | Bailey   | Noticed a kobold demonologist
  8923 | Bailey   | Noticed an orange demon
  8931 | Bailey   | Killed a kobold demonologist
  8935 | Bailey   | Killed an orc knight
  9233 | Bailey   | Reached skill level 11 in Invocations
  9340 | Bailey   | Noticed an orc knight
  9341 | Bailey   | Found an iron altar of Okawaru.
  9341 | Bailey   | Noticed an orc sorcerer
  9347 | Bailey   | Noticed a sun demon
  9358 | Bailey   | Killed an orc sorcerer
  9364 | Bailey   | Killed an orc knight
  9365 | Bailey   | Reached skill level 12 in Invocations
  9378 | Bailey   | Noticed an orc knight
  9394 | Bailey   | Killed an orc knight
  9687 | Bailey   | Reached XP level 11. HP: 65/84 MP: 20/20
  9959 | Temple   | Acquired the amulet "Lisoufes" {Faith rC+}
  9971 | Temple   | Acquired a +2 kite shield of protection
  9973 | Temple   | Acquired a +2 heavy war axe
 10955 | D:9      | Reached skill level 13 in Invocations
 11049 | D:9      | Found Gynn's Assorted Antiques.
 11060 | D:9      | Reached *** piety under Beogh
 11091 | D:9      | Noticed a two-headed ogre
 11110 | D:8      | Killed a two-headed ogre
 11226 | D:9      | Reached skill level 5 in Armour
 11577 | D:9      | Bought a pair of masterwork gloves for 237 gold pieces
 11577 | D:9      | Identified the +0 pair of gloves of the Serpent {rElec rC-
                  | Regen+} (You bought it in a shop on level 9 of the Dungeon)
 11577 | D:9      | Bought a potion of curing for 75 gold pieces
 11577 | D:9      | Bought a shiny chain mail for 187 gold pieces
 12009 | D:9      | Found Joiblityo's Assorted Antiques.
 12019 | D:9      | Found a staircase to the Orcish Mines.
 12026 | D:9      | Bought a scroll of identify for 50 gold pieces
 12055 | D:9      | Noticed a two-headed ogre
 12065 | D:9      | Killed a two-headed ogre
 12068 | D:9      | Reached skill level 14 in Invocations
 12197 | D:9      | Noticed a boulder beetle
 12215 | D:9      | Killed a boulder beetle
 12216 | D:9      | Reached skill level 15 in Axes
 12306 | D:9      | Noticed a tengu warrior
 12314 | D:9      | Killed a tengu warrior
 12570 | D:9      | Reached skill level 15 in Invocations
 12626 | D:9      | Identified the ring "Cyzeneps" {rElec rC+++ Will+ rCorr
                  | Dex-5}
 13028 | D:9      | Found Aricepom's General Store.
 13044 | D:9      | Bought a scroll of identify for 26 gold pieces
 13107 | D:9      | Got the Almanac of Modification and Rallying
 13296 | D:10     | Entered Level 10 of the Dungeon
 13397 | D:10     | Noticed a death yak
 13399 | D:10     | Noticed a death yak
 13400 | D:10     | Noticed a death yak
 13407 | D:10     | Killed a death yak
 13416 | D:10     | Killed a death yak
 13420 | D:10     | Killed a death yak
 13421 | D:10     | Reached skill level 5 in Shields
 13421 | D:10     | Reached XP level 12. HP: 34/91 MP: 23/23
 13426 | D:10     | Reached **** piety under Beogh
 13436 | D:10     | Gained Hawl as an ally
 13437 | D:10     | Reached skill level 16 in Invocations
 13475 | D:10     | Found a staircase to the Lair.
 13726 | D:10     | Found a glowing silver altar of Zin.
 14675 | Lair:1   | Entered Level 1 of the Lair of Beasts
 14847 | Lair:1   | You fall into a shaft and drop 1 floor!
 15019 | Lair:1   | Found a blossoming altar of Fedhas.
 15135 | Lair:1   | Gained Arbeogh as an ally
 15272 | Lair:1   | Noticed Fannar
 15284 | Lair:1   | Killed Fannar
 16041 | Lair:1   | Reached skill level 5 in Fighting
 16073 | Lair:1   | Reached skill level 17 in Invocations
 16073 | Lair:1   | Reached ***** piety under Beogh
 16313 | Lair:2   | Noticed an eight-headed hydra
 16318 | Lair:2   | Killed an eight-headed hydra
 16369 | Lair:2   | Noticed an ice dragon
 16373 | Lair:2   | Gained Argrim as an ally
 16378 | Lair:2   | Killed an ice dragon
 16504 | Lair:2   | Found a staircase to the Snake Pit.
 16659 | Lair:2   | Noticed a six-headed hydra
 16666 | Lair:2   | Killed a six-headed hydra
 16905 | Lair:2   | Identified the ring of Demin {Fly Dex+4 Slay+4}
 17153 | Lair:3   | Reached skill level 18 in Invocations
 17170 | Lair:3   | Identified the +12 chain mail of the Realm of Zot {rN+}
 17275 | Lair:3   | Found a staircase to the Swamp.
 17312 | Lair:3   | Found an ornate altar of the Wu Jian Council.
 17313 | Lair:3   | Noticed a boulder beetle
 17314 | Lair:3   | Found a hide-covered altar of Uskayaw.
 17322 | Lair:3   | Killed a boulder beetle
 17373 | Lair:3   | Found a frozen archway.
 17377 | Lair:3   | Reached XP level 13. HP: 102/102 MP: 26/26
 17411 | IceCv    | Entered an ice cave
 17510 | IceCv    | Gained Jorge as an ally
 17670 | IceCv    | Your ally Jorge died
 17695 | IceCv    | Found the +2 Maxwell's thermic engine {flame, freeze, rev}
 17709 | IceCv    | Got Sif Muna's Elucidation of the Transposed Discharge
 17811 | IceCv    | Reached ****** piety under Beogh
 18401 | Orc:1    | Entered Level 1 of the Orcish Mines
 18517 | Orc:1    | Reached skill level 19 in Invocations
 18730 | Orc:2    | Entered Level 2 of the Orcish Mines
 19950 | Lair:4   | Reached skill level 5 in Transmutations
 20142 | Lair:4   | Reached skill level 20 in Invocations
 20143 | Lair:4   | Gained Marbork as an ally
 20144 | Lair:4   | HP: 4/102 [death yak (17)]
 20502 | Lair:4   | Reached XP level 14. HP: 54/110 MP: 28/28
 21437 | Lair:5   | Entered Level 5 of the Lair of Beasts
 21490 | Lair:5   | Gained Beowulf as an ally
 22023 | Lair:4   | Your ally Hawl died
 22325 | Lair:5   | Your ally Argrim died
 22650 | Lair:5   | Found a runed translucent door.
 22977 | Lair:5   | Found the +3 pair of seven-league boots {Rampage+∞}
 23681 | Orc:2    | Found a staircase to the Elven Halls.
 23715 | Orc:2    | Found Wenuc's Antique Armour Shop.
 23780 | Orc:2    | Reached XP level 15. HP: 120/126 MP: 29/29
 24675 | Lair:5   | Found a viscous altar of Jiyva.
 24677 | Lair:5   | Found a staircase to the Slime Pits.
 24880 | Lair:5   | Reached skill level 10 in Fighting
 25252 | Swamp:1  | Entered Level 1 of the Swamp
 25264 | Swamp:1  | Gained Jorge as an ally
 25265 | Swamp:1  | Paralysed by a hornet for 3 turns
 25335 | Swamp:1  | Reached skill level 10 in Armour
 25335 | Swamp:1  | Reached skill level 10 in Shields
 25478 | Swamp:1  | Gained Milork as an ally
 26593 | Swamp:1  | Reached skill level 21 in Invocations
 26651 | Swamp:2  | HP: 4/126 [spriggan druid/+0 quarterstaff (5)]
 26653 | Swamp:2  | Killed from afar by a spriggan druid

Illustrated notes

Levels and vault maps discovered:
D:1:      minmay_arrival_four_houses, layout_basic, serial_shops,
          nicolae_shop_tiny_glass
D:2:      minmay_razor_zed, layout_rooms, minmay_distorted
D:3:      layout_loops_cross, portal_sewer_entry_a
D:4:      layout_loops_ring, mainiacjoe_overflow_concentric_impassable
D:5:      layout_basic, mainiacjoe_overflow_two_lobes, grunt_ministairs_1,
          kennysheep_nondescript, uniq_blork_the_orc
D:6:      layout_cave_pools, general_overflow_altar,
          lemuel_mausoleum_altar_kikubaaqudgha, kennysheep_okawaru_gauntlet,
          minmay_temple_entry_fiery, nicolae_inconvenience_store, nicolae_titane
D:7:      layout_cave_pools, tgw_xom
D:8:      layout_gridville, enter_bailey_8, minmay_misc_feat_encased, uniq_erica
D:9:      cheibrodos_ideogram_h, layout_basic, orc_0_dummy, serial_shops,
          nicolae_shop_overgrown_old_shop, nicolae_square_shop,
          nicolae_shop_overgrown_old_shop
D:10:     layout_basic, zin_statuary, dpeg_lair_monsters, serial_glass,
          glass_columns_b, glass_columns_a, glass_columns_b, glass_columns_a
Temple:   nicolae_temple_bog_church
Lair:1:   layout_hall_layers, lemuel_centaur_altar, grunt_megastairs_1,
          uniq_fannar
Lair:2:   layout_cave_shapes, minmay_snake_entry_guardpost_small, ice2_lemuel
Lair:3:   layout_gridlike, skrybe_swamp_entry_bodies,
          portal_ice_cave_demonic_guard, nzn_masters_of_martial_movement,
          lemuel_fruit_fields, lemuel_fruit_fields, infiniplex_staircase_pool_2,
          lemuel_fruit_fields
Lair:4:   layout_cave_pods
Lair:5:   guppyfry_lair_end_dragon, layout_misc_corridors, wormcave,
          minmay_slime_entry_oklob_enclosed,
          hellmonk_guarded_unrand_seven_league_boots
Swamp:1:  layout_basic_swamp, serial_swamp_ruin, evilmike_swamp_ruin_house_3,
          evilmike_swamp_ruin_rubble_2, evilmike_swamp_ruin_house_1
Swamp:2:  layout_basic_swamp, nicolae_swamp_fairy_circle
Orc:1:    layout_diamond_mine
Orc:2:    pf_orc_diabolical, layout_diamond_mine, serial_shops, shop

Skill      XL: |  1  2  3  4  5  6  7  8  9 10 11 12 13 14 15 |
---------------+----------------------------------------------+-----
Axes           | 3 4 5 6 7 8 10 11 12 14 15 17 18 | 18.0
Spellcasting   | 1 2 |  2.0
Transmutations | 1 2 3 4 5 6 |  6.0
Fighting       | 4 6 9 10 | 10.2
Armour         | 4 5 6 9 10 | 10.2
Shields        | 4 5 9 10 | 10.2
Invocations    | 4 9 12 15 18 20 21 | 21.0

Action                     |  1- 3 |  4- 6 |  7- 9 | 10-12 | 13-15 || total
---------------------------+-------+-------+-------+-------+-------++-------
  Melee: War axe           |    64 |   261 |   238 |   303 |   518 ||  1384
         Battleaxe         |       |       |    90 |   109 |       ||   199
         Flail             |       |       |       |     5 |     2 ||     7
         Mace              |       |       |       |       |    16 ||    16
   Fire: Orcbow            |       |       |     6 |     6 |       ||    12
  Throw: Javelin           |       |     1 |       |       |       ||     1
   Cast: Wereblood         |       |       |       |     3 |       ||     3
 Invoke: Convert to Beogh  |       |       |     1 |       |       ||     1
         Smiting           |       |       |       |    12 |    13 ||    25
         Recall Orcish Fol |       |       |       |     9 |    26 ||    35
         Give Item to Name |       |       |       |     2 |     5 ||     7
         Stop Recall       |       |       |       |     1 |    14 ||    15
         Resurrection      |       |       |       |       |     2 ||     2
  Evoke: Wand              |       |       |     4 |    46 |     9 ||    59
         Phial of floods   |       |       |       |       |     1 ||     1
    Use: Potion            |       |     7 |     1 |    11 |     6 ||    25
         Scroll            |       |       |     7 |     8 |     8 ||    23
   Stab: Invisible         |       |       |       |     5 |       ||     5
         Distracted        |       |       |       |     4 |     7 ||    11
 Armour: Chain mail        |    30 |   118 |    97 |   159 |   438 ||   842
         Scale mail        |     2 |       |    67 |     3 |       ||    72
         Plate armour      |       |       |       |   109 |       ||   109
         Crystal plate arm |       |       |       |       |    47 ||    47
  Dodge: Dodged            |    29 |    91 |   114 |   130 |   163 ||   527
  Block: Buckler           |    17 |    52 |    45 |       |       ||   114
         Kite shield       |       |       |       |   200 |   390 ||   590

Table legend: (Time is in decaauts)
 A = Elapsed time spent in this place.
 B = Non-inter-level travel time spent in this place.
 C = Inter-level travel time spent in this place.
 D = Time resting spent in this place.
 E = Time spent auto-exploring this place.
 F = Levels seen in this place.
 G = Mean time per level.
                   A        B        C        D        E       F      G
               +--------+--------+--------+--------+--------+-----+--------+
         Total |  27153 |  22714 |   4439 |   4692 |   7679 |  23 | 1180.6 |
       Dungeon |  13578 |  11136 |   2442 |   2637 |   4895 |  10 | 1357.8 |
        Temple |    384 |    351 |     33 |      0 |    160 |   1 |  384.0 |
          Lair |   8167 |   6407 |   1760 |   1309 |   2092 |   5 | 1633.4 |
         Swamp |    894 |    823 |     71 |    111 |    348 |   2 |  447.0 |
  Orcish Mines |   1962 |   1830 |    132 |      4 |    114 |   2 |  981.0 |
         Sewer |    478 |    478 |      0 |     67 |     69 |   1 |  478.0 |
        Bailey |   1192 |   1192 |      0 |    535 |      0 |   1 | 1192.0 |
      Ice Cave |    495 |    495 |      0 |     28 |      0 |   1 |  495.0 |
               +--------+--------+--------+--------+--------+-----+--------+

Top non-repeatable levels by time:
     D:6: 2179 daAuts
     D:5: 2052 daAuts
  Lair:4: 1920 daAuts
     D:8: 1905 daAuts
     D:9: 1710 daAuts
  Lair:1: 1652 daAuts
  Lair:3: 1571 daAuts
  Lair:2: 1542 daAuts
  Lair:5: 1481 daAuts
   Orc:2: 1383 daAuts
    D:10: 1251 daAuts
  Bailey: 1192 daAuts
     D:7: 1068 daAuts
     D:4: 897 daAuts
     D:2: 870 daAuts
